 Dungeon Crawl Stone Soup version 0.20.1-1-g8b1a95d (webtiles) character file.

226 dvd the Fighter (level 5, -3/57 HPs)
             Began as a Minotaur Wanderer on Aug 7, 2017.
             Was a Follower of Qazlal.
             Killed by nerve-wracking pain
             ... invoked by Grinder
              (12 damage)
             ... on level 4 of the Dungeon.
             The game lasted 00:06:07 (2043 turns).

dvd the Fighter (Minotaur Wanderer)                 Turns: 2043, Time: 00:06:08

Health: -3/57      AC:  9    Str: 13    XL:     5   Next: 69%
Magic:  4/4        EV:  9    Int:  8    God:    Qazlal [*.....]
Gold:   190        SH:  9    Dex: 13    Spells: 4/4 levels left

rFire    . . .     SeeInvis .   a - +2 spear
rCold    . . .     Gourm    .   v - +0 shield
rNeg     . . .     Faith    .   e - +0 leather armour
rPois    .         Spirit   .   (helmet restricted)
rElec    .         Reflect  .   (no cloak)
rCorr    .         Harm     .   s - +0 pair of gloves
MR       .....                  (no boots)
Stlth    ++........             (no amulet)
Regen    0.2/turn               t - +5 ring of protection
MPRegen  0.1/turn               x - -2 ring of strength (curse)

@: no status effects
A: retaliatory headbutt, horns 2
a: Renounce Religion


You were on level 4 of the Dungeon.
You worshipped Qazlal.
Qazlal was aware of your devotion.
You were not hungry.

You visited 1 branch of the dungeon, and saw 4 of its levels.

You collected 190 gold pieces.

Inventory:

Hand Weapons
 a - a +2 spear (weapon)
 n - a +0 trident
Armour
 e - a +0 leather armour (worn)
 m - a +0 robe
 s - a +0 pair of gloves (worn)
 v - a +0 shield (worn)
Jewellery
 g - an uncursed ring of fire
 t - a +5 ring of protection (left hand)
 x - a cursed -2 ring of strength (right hand)
Wands
 o - a wand of digging (15/24)
 p - a wand of lightning (4/15)
 q - a wand of confusion (30/48)
Scrolls
 c - 2 scrolls of enchant weapon {unknown}
 h - 2 scrolls of teleportation
 j - 5 scrolls of identify
 u - a scroll of recharging {unknown}
 y - a scroll of blinking
Potions
 f - 2 potions of ambrosia {unknown}
 i - 2 potions of haste {unknown}
 w - a potion of brilliance {unknown}
 A - a potion of berserk rage {unknown}
 B - a potion of lignification {unknown}
Comestibles
 d - 5 bread rations
 k - a meat ration
 l - 3 fruits
 r - a royal jelly
 z - 4 chunks of flesh


   Skills:
 + Level 9.3 Fighting
 + Level 3.0 Polearms
 + Level 2.1 Armour
 + Level 1.7 Dodging
 + Level 2.3 Stealth
 + Level 1.6 Shields


You had 4 spell levels left.
You didn't know any spells.

Dungeon Overview and Level Annotations

Branches:
Dungeon (4/15)
 Temple: D:4-7

Altars:
Qazlal

Shops:
D:4 }

Annotations:
D:4 Grinder


Innate Abilities, Weirdness & Mutations

You reflexively headbutt those who attack you in melee.
You have a pair of horns on your head.


Message History

Grinder is severely wounded.
Grinder gestures at you. Pain shoots through your body!
* * * LOW HITPOINT WARNING * * *
Your shield prevents you from hitting Grinder.
Grinder is severely wounded.
Grinder hits you!
* * * LOW HITPOINT WARNING * * *
You writhe in agony.
* * * LOW HITPOINT WARNING * * *
You feel better. Grinder barely misses you.
You barely miss Grinder. You headbutt Grinder.
Grinder is almost dead.
Grinder gestures at you.
You barely resist. Grinder barely misses you.
You hit Grinder but do no damage. Your headbutt misses Grinder.
Grinder is almost dead.
Grinder gestures at you. Pain shoots through your body!
You die...

. #### ### ... ... ##.##
#########
.....#ยง###.#.###........
.......@..###......>....
...##.5###.#.###.######.
#..###.....#........
#............####...
#..###.###.#.# #... .%.
..(# #.#.# #... .###.####
#.#.# #... . # #.#.# #...
#.#.####...


You could see Grinder.

Vanquished Creatures
  An ogre (D:4)
  The ghost of Enish the Skirmisher, a weakling BaWr (D:3)
  5 adders
  An ooze (D:2)
  An adder skeleton (D:4)
  3 worms
  3 dart slugs
  4 leopard geckos
  6 bats
  2 giant cockroaches
  5 goblins (D:3)
  2 hobgoblins
  6 jackals
  5 kobolds
  3 frilled lizards (D:2)
  5 rats
53 creatures vanquished.

Notes
Turn   | Place    | Note
-------+----------+-------------------------------------------
     0 | D:1      | dvd the Minotaur Wanderer began the quest for the Orb.
     0 | D:1      | dvd set off with: a +2 spear, 2 potions of curing, a +0 robe, a bread ration
     0 | D:1      | Reached XP level 1. HP: 28/28 MP: 0/0
   185 | D:1      | Reached XP level 2. HP: 36/36 MP: 1/1
   386 | D:2      | Found a stormy altar of Qazlal.
   395 | D:2      | Became a worshipper of Qazlal Stormbringer
   426 | D:2      | Reached skill level 9 in Fighting
   471 | D:2      | Reached XP level 3. HP: 42/42 MP: 2/2
   711 | D:2      | Reached skill level 1 in Armour
  1052 | D:2      | Reached * piety under Qazlal
  1205 | D:3      | Reached XP level 4. HP: 50/50 MP: 3/3
  1274 | D:3      | Reached skill level 1 in Polearms
  1539 | D:3      | Noticed Enish's ghost (weakling BaWr)
  1546 | D:3      | Killed Enish's ghost
  1931 | D:4      | Found Rosa's Gadget Emporium.
  1962 | D:4      | Reached XP level 5. HP: 57/57 MP: 4/4
  1980 | D:4      | Noticed an ogre
  1986 | D:4      | Killed an ogre
  2019 | D:4      | Noticed Grinder
  2021 | D:4      | Paralysed by Grinder for 6 turns
  2040 | D:4      | HP: 2/57 [Grinder (3)]
  2043 | D:4      | Killed from afar by Grinder

Skill      XL: |  1  2  3  4  5 |
---------------+----------------+-----
Fighting       | 9 |  9.3
Armour         | 1 2 |  2.1
Polearms       | 2 3 |  3.0
Stealth        | 2 |  2.3
Dodging        | |  1.7
Shields        | |  1.6

Action                   |  1- 3 |  4- 6 || total
-------------------------+-------+-------++-------
Melee: Spear             |    59 |    76 ||   135
       Headbutt          |    10 |    17 ||    27
  Use: Scroll            |     4 |       ||     4
       Potion            |       |     3 ||     3
 Stab: Sleeping          |     8 |       ||     8
  Eat: Chunk             |     1 |     3 ||     4
Armor: Leather armour    |     5 |    25 ||    30
       Robe              |     3 |       ||     3
Dodge: Dodged            |    36 |    24 ||    60
Block: Shield            |       |    25 ||    25
